 Dungeon Crawl Stone Soup version 0.31-a0-188-g5e087ee2ca (webtiles) character file.

Game seed: 2635623219166066928

471 qw the Skirmisher (level 6, -1/35 HPs)
             Began as a Deep Elf Hunter on June 23, 2023.
             Killed by divine providence
             ... invoked by an orc priest
              (11 damage)
             ... on level 3 of the Dungeon.
             The game lasted 00:01:57 (3024 turns).

qw the Skirmisher (Deep Elf Hunter)                 Turns: 3024, Time: 00:01:58

Health: -1/35      AC:  6    Str: 10    XL:     6   Next: 83%
Magic:  8/8        EV: 11    Int: 14    God:
Gold:   113        SH:  5    Dex: 18    Spells: 5/5 levels left

rFire   . . .        Y - +1 shortbow
rCold   . . .        (shield currently unavailable)
rNeg    . . .        h - +0 ring mail
rPois   .            (no helmet)
rElec   .            (no cloak)
rCorr   .            (no gloves)
SInv    .            g - +0 pair of boots
Will    .....        b - amulet of reflection
Stlth   +            (no ring)
HPRegen 0.25/turn    (no ring)
MPRegen 0.11/turn

%: reflection
@: no status effects
A: no striking features
a: no special abilities


You were on level 3 of the Dungeon.
You visited 1 branch of the dungeon, and saw 3 of its levels.

You collected 113 gold pieces.


   Skills:
 - Level 2.1 Fighting
 + Level 10.2 Ranged Weapons
 - Level 1.0 Armour
 - Level 3.0 Dodging
 - Level 1.2 Stealth


You had 5 spell levels left.
You didn't know any spells.
Your spell library was empty.

Inventory:

Hand Weapons
 Y - a +1 shortbow (weapon)
Armour
 c - a +2 ring mail of positive energy
 g - a +0 pair of boots (worn)
 h - a +0 ring mail (worn)
Jewellery
 b - an amulet of reflection (around neck)
Scrolls
 a - a scroll of identify
Potions
 d - a potion of heal wounds
 f - a potion of haste {unknown}
 i - a potion of brilliance {unknown}
 j - 2 potions of curing

Dungeon Overview and Level Annotations

Branches:
Dungeon (3/15)

Altars:

Annotations:
D:3 exclusion: gnoll


Message History

Enter note: You shoot an arrow.
The arrow barely misses the gnoll sergeant.
You shoot an arrow. The gnoll sergeant blocks the arrow.
You shoot an arrow.
The arrow barely misses the gnoll sergeant.
You shoot an arrow. The arrow hits the gnoll sergeant.
The gnoll sergeant is lightly wounded.
The gnoll sergeant hits you from afar with a +4 vampiric spear.
The gnoll sergeant draws strength from your wounds!
You shoot an arrow.
The arrow closely misses the gnoll sergeant.
The gnoll sergeant hits you from afar with a +4 vampiric spear!
You shoot an arrow. The arrow hits the gnoll sergeant!
The gnoll sergeant is moderately wounded.
The gnoll sergeant barely misses you.
You shoot an arrow. The gnoll shouts!
The arrow hits the gnoll sergeant but does no damage.
The gnoll sergeant is moderately wounded.
You hear a shout! x3
An orc priest comes into view. It is wielding a +0 club.
The gnoll sergeant hits you but does no damage.
You shoot an arrow. The orc priest shouts!
The arrow hits the gnoll sergeant but does no damage.
The gnoll sergeant is moderately wounded.
The gnoll sergeant hits you from afar with a +4 vampiric spear!
The gnoll sergeant draws strength from your wounds!
You shoot an arrow. The arrow hits the gnoll sergeant!
The gnoll sergeant is heavily wounded.
You block the gnoll sergeant's attack.
The gnoll throws a throwing net.
The throwing net barely misses you.
You shoot an arrow. The gnoll sergeant blocks the arrow.
You block the gnoll sergeant's attack. You block the gnoll's attack.
You shoot an arrow. The gnoll sergeant blocks the arrow.
The gnoll sergeant hits you but does no damage.
The orc priest calls down the wrath of Beogh upon you.
Beogh smites you!
You die...

########''')#############.o.#~~P.
..)....#....#....... #o###~~..
.......#....#.......# ..#.~~~..
.).....'....'.....^.# #.~~~[.
)##################'# #.~~~..
)......#....#.......# #.~~~..
.........~~.........# #.~~~..
.......).~~..)....g.#''# #.~~~..
.......#...)#...@.goo...#.#.~~~..
########....########o...#.#.~~~..
# #...##...# .#'###~~..
#########################...#~~..
........................#...#~~..
~~~~~~~~~~~~~~~~~~~~~~~~#####~~..
~~~~~~~~~~~~~~~~~~~~~~~~~~~~~~~..
~~~~~~~~~~~~~~~~~~~~~~~~~~~~~~~..
...P.............................


You could see a gnoll sergeant, an orc priest, a gnoll and 2 orcs.

Vanquished Creatures
  3 howler monkeys (D:3)
  2 hounds (D:3)
  A gnoll bouda (D:3)
  13 gnolls (D:3)
  An adder (D:3)
  2 worms (D:2)
  A dart slug (D:1)
  18 orcs (D:3)
  8 endoplasms
  5 giant cockroaches
  5 goblins
  10 hobgoblins
  15 jackals
  2 quokkas
  8 ball pythons
  6 bats
  4 frilled lizards
  4 kobolds
  8 rats
116 creatures vanquished.

Notes
Turn   | Place    | Note
-------+----------+-------------------------------------------
     0 | D:1      | qw the Deep Elf Hunter began the quest for the Orb.
     0 | D:1      | Reached XP level 1. HP: 12/12 MP: 3/3
     0 | D:1      | 0 ||| qw: Version: 0.3-a-9-g12657ce
     0 | D:1      | 0 ||| qw: Game counter: 4364
     0 | D:1      | 0 ||| qw: Always use a shield: true
     0 | D:1      | 0 ||| qw: God list: Okawaru
     0 | D:1      | 0 ||| qw: Allow faded altars: false
     0 | D:1      | 0 ||| qw: Do Orc after D:15 true
     0 | D:1      | 0 ||| qw: Do second Lair branch before Depths: true
     0 | D:1      | 0 ||| qw: Lair rune preference: random
     0 | D:1      | 0 ||| qw: Plans: Normal
     0 | D:1      | 0 ||| PLANNING D:1-11
    97 | D:1      | Reached XP level 2. HP: 16/16 MP: 4/4
   101 | D:1      | Reached skill level 6 in Ranged Weapons
   423 | D:1      | Reached XP level 3. HP: 20/20 MP: 5/5
   658 | D:1      | 658 ||| UPGRADING to +0 ring mail.
   668 | D:1      | 668 ||| DROPPING +0 leather armour.
   669 | D:1      | 669 ||| READING 2 scrolls labelled URUKO WOTWEFI.
   670 | D:1      | 670 ||| READING scroll labelled CUSOMO HUGI.
   673 | D:1      | 673 ||| READING scroll labelled JUIKUE WA FUUDD.
   674 | D:1      | 674 ||| DROPPING scroll of butterflies.
   905 | D:2      | Reached skill level 7 in Ranged Weapons
  1284 | D:2      | Reached XP level 4. HP: 25/25 MP: 6/6
  1617 | D:2      | 1617 ||| UPGRADING to +0 pair of boots.
  1622 | D:2      | 1622 ||| READING scroll labelled CEHOUJO NUBB.
  1623 | D:2      | 1623 ||| READING scroll labelled OXIBISHR IFAN.
  1624 | D:2      | 1624 ||| DRINKING 3 puce potions.
  1625 | D:2      | 1625 ||| READING 2 scrolls of identify.
  1625 | D:2      | 1625 ||| IDENTIFYING green potion
  1626 | D:2      | 1626 ||| DROPPING potion of berserk rage.
  1641 | D:3      | 1641 ||| Stepping ~*~*~tactically~*~*~ (outnumbered).
  1649 | D:3      | 1649 ||| STAIRDANCE
  1666 | D:3      | 1666 ||| STAIRDANCE
  1979 | D:3      | Found a faded altar of an unknown god.
  2111 | D:3      | Reached skill level 8 in Ranged Weapons
  2258 | D:3      | Reached XP level 5. HP: 29/29 MP: 7/7
  2272 | D:3      | Reached skill level 9 in Ranged Weapons
  2305 | D:3      | Reached XP level 6. HP: 28/35 MP: 8/8
  2396 | D:3      | 2396 ||| UPGRADING to amulet of reflection.
  2396 | D:3      | HP: 8/35 [gnoll/+0 halberd (2)]
  2401 | D:3      | 2401 ||| READING scroll of teleportation.
  2402 | D:3      | 2402 ||| DRINKING 2 potions of heal wounds.
  2572 | D:3      | Reached skill level 10 in Ranged Weapons
  2691 | D:3      | 2691 ||| Stepping ~*~*~tactically~*~*~ (water).
  2692 | D:3      | 2692 ||| READING scroll labelled ROALUPS COSEG.
  2693 | D:3      | 2693 ||| DRINKING 3 pink potions.
  2694 | D:3      | 2694 ||| READING 3 scrolls of identify.
  2694 | D:3      | 2694 ||| IDENTIFYING blue potion
  2695 | D:3      | 2695 ||| READING 2 scrolls of identify.
  2695 | D:3      | 2695 ||| IDENTIFYING purple potion
  2696 | D:3      | 2696 ||| DROPPING potion of attraction.
  2697 | D:3      | 2697 ||| DROPPING potion of lignification.
  2853 | D:3      | Reached skill level 3 in Dodging
  2991 | D:3      | Reached skill level 1 in Armour
  3024 | D:3      | Killed from afar by an orc priest

Levels and vault maps discovered:
D:1:      lordsloth_arrival_two_stooges, layout_basic, minmay_unequal
D:2:      kennysheep_big_flooded_room, layout_basic,
          chequers_serial_rivers_micro_d
D:3:      lemuel_castle_with_subvaults [lemuel_castle_interior_carwin_3],
          layout_basic, basic_ecumenical_altar, st_stairs_6

Skill      XL: |  1  2  3  4  5  6 |
---------------+-------------------+-----
Ranged Weapons | 6 7 8 9 10 | 10.2
Fighting       | 2 |  2.1
Dodging        | 3 |  3.0
Armour         | 1 |  1.0
Stealth        | |  1.2

Action                     |  1- 3 |  4- 6 || total
---------------------------+-------+-------++-------
   Fire: Shortbow          |   154 |   237 ||   391
    Use: Scroll            |     3 |     7 ||    10
         Potion            |       |     3 ||     3
 Armour: Leather armour    |    13 |       ||    13
         Ring mail         |    12 |    54 ||    66
  Dodge: Dodged            |    40 |    95 ||   135
  Block: Other             |       |    13 ||    13
         Reflection        |       |     1 ||     1

Table legend:
 A = Non-vault XP
 B = Vault XP
 C = Vault XP percentage of total XP
 D = Non-vault monster count
 E = Vault monster count
 F = Vault count percentage of total count
                 A         B        C        D         E       F
            +---------+---------+-------+---------+---------+-------
      Total |     135 |     538 |  79.9 |      67 |      49 |  42.2
            +---------+---------+-------+---------+---------+-------
        D:1 |      49 |       2 |   3.9 |      28 |       2 |   6.7
        D:2 |      54 |       4 |   6.9 |      27 |       2 |   6.9
        D:3 |      32 |     532 |  94.3 |      12 |      45 |  78.9
            +---------+---------+-------+---------+---------+-------
